[Event "8th Montevideo Open 2025"]
[Site "Montevideo"]
[Date "2025.02.01"]
[Round "1.1"]
[White "Shoker, Samy"]
[Black "Morales Neyra, Flora"]
[Result "1-0"]
[Annotator "TA"]
[ECO "A39"]
[WhiteElo "2446"]
[BlackElo "1844"]
[PlyCount "43"]
[EventDate "2025.02.01"]
[EventType "swiss"]
[EventCountry "URU"]
[SourceTitle "playchess.com"]
[Source "ChessBase"]
[SourceQuality "1"]
[TimeControl "5400+30"]

1. Nf3 Nf6 2. c4 c5 3. g3 g6 4. Bg2 Bg7 5. Nc3 Nc6 6. d4 cxd4 7. Nxd4 O-O 8. O-O a6 9. c5 Qc7 {The main line 9...Qc7 scores better than 9...Nxd4.} 10. Nxc6 {A39: Symmetrical English vs ...g6: 4 Bg2 Bg7 5 Nf3 Nf6 6 0-0 0-0 7 d4.} (10. Nb3 $14) 10... bxc6 (10... dxc6 $11 11. Na4 Bf5) 11. Na4 {White is more active.} Rb8 $146 (11... d5 12. Nb6 Rb8 13. Nxc8 Rfxc8 14. Bh3 Rd8 15. Qa4 Ne4 16. Qxa6 Nxc5 17. Qa3 Qd6 {0-1 Baier,C (1841)-Zuferi,E (1853) GER-ch U25 Oberhof 2010 (6)}) 12. Bf4 {White is better.} e5 {[%csl Oa6,Od7] Black has weak pawns} 13. Bd2 d5 14. cxd6 {White plays in the center} Qxd6 15. Ba5 $36 {[%mdl 2048] White is in control.} Qxd1 16. Rfxd1 Bb7 (16... e4 $16 {keeps fighting.}) 17. Nc5 ({White should play} 17. Bc7 $18) 17... e4 $2 {[#]} (17... Bc8 $16) 18. Bc7 $1 $18 (18. Bxe4 Nxe4 19. Nxe4 Rfe8 $14) 18... Rbc8 {Black is weak on the dark squares} (18... Rbe8 $142 19. Nxb7 Re7) 19. Bd6 {White is winning.} Ba8 20. Bxf8 (20. Nxa6 e3 21. Bxf8 (21. fxe3 Rfe8 $18) 21... Bxf8 $16) (20. Nxe4 Nxe4 21. Bxe4 (21. Bxf8 Bxb2 22. Bxe4 Bxa1 $18) 21... Rfe8 $11) (20. Bxe4 Rfd8 $16) 20... Kxf8 21. Rac1 ({Not} 21. Bxe4 Nxe4 22. Nxe4 Re8 $18) 21... Ke7 22. Nxa6 {[%emt 0:11:00] Black got outplayed after the opening.   Weighted Error Value: White=0.17 (very precise) /Black=0.55  Mistake:       	White=1     	Black=4      Inaccurate:     	White=1     	Black=1      OK:         	White=7     	Black=1      Best:        	White=1     	Black=1      Strong:       	White=1     	---} (22. Bxe4 Nxe4 23. Nxe4 Bxb2) 1-0

[Event "8th Montevideo Open 2025"]
[Site "Montevideo"]
[Date "2025.02.01"]
[Round "1.2"]
[White "Martinez Garay, Carlos"]
[Black "Coro, Lucas"]
[Result "0-1"]
[Annotator "TA"]
[ECO "B44"]
[WhiteElo "1838"]
[BlackElo "2415"]
[PlyCount "36"]
[EventDate "2025.02.01"]
[EventType "swiss"]
[EventCountry "URU"]
[SourceTitle "playchess.com"]
[Source "ChessBase"]
[SourceQuality "1"]
[TimeControl "5400+30"]

1. e4 c5 2. Nf3 Nc6 3. d4 cxd4 4. Nxd4 e6 5. Nxc6 bxc6 6. Nc3 d5 {B44: Sicilian: Taimanov: 5 Nb5.} 7. exd5 {7.Bd3 might become the main line.} cxd5 8. Bb5+ Bd7 {Black has an edge.} 9. Bxd7+ Qxd7 10. O-O Nf6 11. Re1 Be7 12. Bf4 O-O 13. Be5 $146 (13. Qe2 Bd6 14. Bxd6 Qxd6 15. Rad1 Qb4 16. Rb1 Rfc8 17. a3 Qb6 18. Rec1 {0-1 Cabala,N (1471)-Leisch,L (1758) AUT-ch U12 Woerth 2014 (4)}) 13... Rac8 14. Re3 Rfd8 15. Rg3 g6 16. Qf3 (16. Rh3 $15) 16... Ne8 $19 {Black is clearly better.} 17. h4 {Prevents f6.} Bxh4 18. Rh3 Qe7 {[%emt 0:06:34] Weighted Error Value: White=0.22 (precise) /Black=0.06 (flawless)   Mistake:       	White=1     	---        Inaccurate:     	White=2     	---        OK:         	White=3     	Black=5      Best:        	---       	Black=2} 0-1

[Event "8th Montevideo Open 2025"]
[Site "Montevideo"]
[Date "2025.02.01"]
[Round "1.3"]
[White "Villca, Julian"]
[Black "Perez Selios, Luis"]
[Result "1-0"]
[Annotator "TA"]
[ECO "E94"]
[WhiteElo "2413"]
[BlackElo "1836"]
[PlyCount "119"]
[EventDate "2025.02.01"]
[EventType "swiss"]
[EventCountry "URU"]
[SourceTitle "playchess.com"]
[Source "ChessBase"]
[SourceQuality "1"]
[TimeControl "5400+30"]

1. c4 Nf6 2. Nf3 g6 3. Nc3 Bg7 4. e4 d6 5. d4 O-O 6. Be2 Na6 7. O-O e5 8. Be3 c6 {8...Qe7 is becoming the main line.} 9. d5 {E94: King's Indian: Classical: 6 Be2 e5 7 0-0: Various Black 7th moves.} Qe7 10. Rb1 {White is more active.} c5 (10... cxd5 $14 {deserves consideration.} 11. cxd5 Nc7) 11. Nd2 {White is better.} Nc7 $146 (11... Ne8 12. a3 f5 13. f3 f4 14. Bf2 g5 15. b4 b6 16. bxc5 bxc5 17. Qa4 Nb8 {1-0 Palo,D (2337)-Borbjerggaard,L (2368) DEN-chB Greve 2002 (6)}) 12. Kh1 Kh8 13. a3 Ng8 14. Qc2 f5 15. f4 (15. exf5 $14 gxf5 16. f4) 15... Bh6 ({Black should play} 15... exf4 $1 $15 16. Bg1 g5) 16. Rbe1 fxe4 (16... exf4 $5 17. Bxf4 g5 $16) 17. Ndxe4 exf4 {[%emt 0:02:43] [#]} 18. Bxc5 dxc5 $11 19. d6 Qg7 20. dxc7 Qxc7 21. Nd5 Qc6 22. Nxf4 {[%emt 0:00:00] Excellent horsemanship.} Nf6 {[%emt 0:00:00] The position is symmetric and equal} (22... Rxf4 $2 23. Rxf4 Qc7 (23... Bxf4 $2 24. Qc3+ $18) 24. Rff1 $18) 23. Nxf6 Bf5 (23... Qxf6 {simplifies} 24. g3 Bxf4 25. Rxf4 Bf5) 24. Bd3 (24. Nxg6+ Bxg6 (24... hxg6 25. Rxf5 gxf5 26. Nd5 $15) 25. Bd3 (25. Qc3 $2 Bg7 $19) 25... Rxf6 $19) 24... Qxf6 (24... Rxf6 $11 25. Nd5 Bxd3 26. Qxd3 (26. Rxf6 $2 Bxc2 27. Rxc6 bxc6 $19) 26... Rxf1+ 27. Qxf1 Re8) 25. Bxf5 ({White has to play} 25. Ne6 $1 $16 {Bxf5 is the strong threat.} Rfe8 26. Bxf5 (26. Nxc5 Rxe1 27. Rxe1 Bxd3 $14) 26... gxf5 27. Nxc5 (27. Qxf5 Qxf5 28. Rxf5 Bg7 $14)) 25... Qxf5 26. Qxf5 Rxf5 27. Nd5 Rxf1+ 28. Rxf1 Rf8 29. Rxf8+ Bxf8 {[%mdl 4096] Endgame KB-KN} 30. g3 Kg7 31. Kg2 Kf7 32. Kf3 Bg7 33. b3 Bb2 34. a4 Be5 35. Ke4 Ke6 36. Ne3 h5 37. Ng2 g5 38. Ne1 h4 39. gxh4 gxh4 40. Nf3 Bc7 41. h3 Bg3 42. Ng1 Bb8 43. Ne2 Be5 44. Nf4+ Bxf4 $4 {[%mdl 8192] This costs Black the game.} (44... Kd6 $11) 45. Kxf4 {[%emt 0:00:00] KP-KP} Kf6 46. Kg4 Ke5 47. Kxh4 {[%emt 0:00:00] [#]} Kf4 48. Kh5 {[%emt 0:00:00] Threatening mate with h4.} Kf5 49. a5 {[%emt 0:00:00] White mates.} b6 50. axb6 axb6 {K3P-KPP. White is a pawn up.} 51. h4 Ke4 52. Kg4 Kd3 53. h5 Kc3 54. h6 Kxb3 55. h7 Kxc4 56. h8=Q Kb4 57. Qb2+ Ka5 58. Kf4 b5 59. Ke4 b4 60. Kd5 {[%emt 0:00:00] Weighted Error Value: White=0.13 (very precise) /Black=0.32  Loses game:     	---       	Black=1      Mistake:       	White=3     	Black=3      Inaccurate:     	White=1     	Black=3      OK:         	White=17    	Black=18     Best:        	White=1     	---} 1-0

[Event "8th Montevideo Open 2025"]
[Site "Montevideo"]
[Date "2025.02.01"]
[Round "1.4"]
[White "Miller, Ariel"]
[Black "Vazquez, Facundo"]
[Result "1/2-1/2"]
[Annotator "TA"]
[ECO "B42"]
[WhiteElo "1835"]
[BlackElo "2404"]
[PlyCount "71"]
[EventDate "2025.02.01"]
[EventType "swiss"]
[EventCountry "URU"]
[SourceTitle "playchess.com"]
[Source "ChessBase"]
[SourceQuality "1"]
[TimeControl "5400+30"]

1. e4 c5 2. Nf3 e6 3. d4 cxd4 4. Nxd4 a6 5. Bd3 b5 (5... Bc5 $11 6. Nb3 Be7) 6. Be3 {White is more active.} (6. O-O $16) 6... Bb7 $14 7. Qe2 Nf6 8. Nd2 d6 9. a4 b4 10. f3 Nbd7 11. N4b3 d5 12. Bf2 Bd6 13. exd5 Nxd5 14. Ne4 Be5 15. Nbc5 (15. g3 $11) 15... Nxc5 $1 $15 16. Bxc5 Nf4 $1 17. Qd2 (17. Qf2 $17 Qxd3 (17... Nxd3+ 18. cxd3 f5 19. d4 $15) 18. cxd3 Nxd3+ 19. Ke2 Nxf2 20. Kxf2) 17... f5 $19 (17... Bxb2 $2 18. Nd6+ $18) 18. Ng3 {[%emt 0:00:30] [#]} a5 $2 ({Worse is} 18... Bxb2 19. Qxf4 Bxa1 20. Nxf5 exf5 (20... Bc3+ 21. Kf2 $14) 21. O-O $11) (18... b3 $1 $19 {...Rc8 would now be deadly.} 19. Be3 Qh4 (19... Bxb2 20. Rb1 $17)) 19. O-O-O $36 {[%emt 0:00:30][%cal Ba1d1,Bd1d3,Bd3d6][%mdl 2080] White is more active.} Nxd3+ 20. Qxd3 Qxd3 21. Rxd3 {[%emt 0:00:30] aiming for Re1.} Bf4+ {[%emt 0:00:30] A strong pair of Bishops.} 22. Kb1 $1 {[%emt 0:00:30] Re1 is the strong threat.} Bc6 23. Nh5 (23. Ne2 $1 $14 Bb8 24. Nd4 Bxa4 25. b3 (25. Nxe6 Kf7 $11)) 23... Bh6 $1 24. Rd6 Bd5 25. Bd4 O-O 26. Re1 {[%emt 0:00:30] [#]} (26. b3 $11 {keeps the balance.}) 26... Rf7 ({Better is} 26... b3 $1 $17) 27. Be5 (27. h4 $11 {is more appropriate.}) 27... Bg5 ({Black should try} 27... f4 $1 $15) 28. Nf4 Bxf4 29. Bxf4 h6 30. Be5 g5 31. h4 Kh7 32. hxg5 hxg5 {[%emt 0:00:30] The position is equal.} 33. Rh1+ Kg6 34. Re1 Kh7 35. Rh1+ Kg6 36. Re1 {[%emt 0:00:30] Weighted Error Value: White=0.27 (precise) /Black=0.21 (precise) .  Missed win:     	---       	Black=1      Mistake:       	White=5     	Black=2      Inaccurate:     	White=3     	Black=3      OK:         	White=4     	Black=9      Best:        	White=1     	Black=3      Strong:       	White=1     	Black=3} 1/2-1/2

[Event "8th Montevideo Open 2025"]
[Site "Montevideo"]
[Date "2025.02.01"]
[Round "1.5"]
[White "Hoffman, Alejandro"]
[Black "Diaz Rosas, Alvaro"]
[Result "1-0"]
[Annotator "TA"]
[ECO "C41"]
[WhiteElo "2368"]
[BlackElo "1832"]
[PlyCount "71"]
[EventDate "2025.02.01"]
[EventType "swiss"]
[EventCountry "URU"]
[SourceTitle "playchess.com"]
[Source "ChessBase"]
[SourceQuality "1"]
[TimeControl "5400+30"]

1. d4 d6 2. e4 Nf6 3. Nc3 e5 4. Nf3 Nbd7 5. Bc4 Be7 6. O-O O-O 7. a4 a5 8. Qe2 c6 9. Rd1 Qc7 10. Ba2 {[%emt 0:00:14] C41: Philidor Defence.} exd4 11. Nxd4 Ne5 12. h3 {[%emt 0:00:18] White is slightly better.} Re8 13. f4 Ng6 14. g4 $146 (14. Re1 d5 15. e5 Bb4 16. Be3 Nd7 17. Qf2 Ndf8 18. Nde2 Qe7 19. Rad1 Qh4 20. Qf3 {0-1 Berset,P (2132)-Borgo,G (2420) SUI-chT Switzerland 2014 (2.4)}) 14... d5 15. e5 (15. f5 $11 Qg3+ 16. Qg2 Qxg2+ 17. Kxg2 Nh4+ 18. Kf1 Nxe4 (18... dxe4 19. Kf2 $15) 19. Nxe4 dxe4 20. Be3) 15... Bc5 $15 16. Qf2 Ne4 (16... Nxg4 $15 17. hxg4 Qd7) 17. Nxe4 $16 dxe4 18. Be3 Bd7 (18... Qb6 $16) 19. c3 (19. e6 $18 fxe6 20. f5) 19... Rad8 (19... Bxd4 $16 20. Rxd4 Be6) 20. Qc2 ({White should try} 20. e6 $18 fxe6 21. f5) 20... Bxd4 (20... Be6 $16) 21. cxd4 $18 (21. Rxd4 $6 c5 22. Rd5 (22. Rxe4 Bc6 $11) 22... b6 $14) 21... Qb6 (21... Ne7 22. d5 (22. Qxe4 Be6 $18) 22... Qc8) 22. Qxe4 {[%emt 0:09:40] And now f5 would win.} ({Worse is} 22. f5 Nxe5 23. Kh1 (23. Qxe4 $2 {loses.} Nc4 $19) 23... Nf3 $17) 22... Qxb2 (22... Qb4 $142 23. Qc2 (23. f5 Nxe5 24. Bd2 Qb6 $18) 23... Be6) 23. Rdb1 (23. f5 $18) 23... Qe2 (23... Qc3 $16 24. f5 Bxf5 25. gxf5 Nxe5) 24. Re1 (24. Rxb7 Nh4 25. Bxf7+ (25. Kh1 $2 Nf3 $19) 25... Kxf7 $19) 24... Qb2 25. Qb1 (25. f5 $18) 25... Qxb1 $16 26. Raxb1 b5 (26... Be6 $16) 27. f5 Ne7 {[%emt 0:00:00] [#]} (27... Nf8 {was called for.} 28. Rec1 bxa4) 28. e6 $18 {[%emt 0:00:30] Black is weak on the dark squares} fxe6 29. fxe6 Bc8 30. axb5 Nd5 $2 (30... Bb7 31. b6 Rd6) 31. bxc6 Bxe6 32. Bd2 Nf4 33. c7 Rc8 34. Bxf4 {[%emt 0:00:17] White mates.} Bxa2 35. Rxe8+ Rxe8 36. Rb8 {[%emt 0:00:05] Weighted Error Value: White=0.32/Black=1.00  Missed win:     	White=1     	---        Mistake:       	White=4     	Black=10     Inaccurate:     	White=2     	Black=2      OK:         	White=3     	Black=8      Best:        	White=4     	Black=1} 1-0

[Event "8th Montevideo Open 2025"]
[Site "Montevideo"]
[Date "2025.02.01"]
[Round "1.6"]
[White "Martinez Tagliafico, Sergio"]
[Black "Roselli Mailhe, Bernardo"]
[Result "1-0"]
[Annotator "TA"]
[ECO "E54"]
[WhiteElo "1831"]
[BlackElo "2342"]
[PlyCount "34"]
[EventDate "2025.02.01"]
[EventType "swiss"]
[EventCountry "URU"]
[SourceTitle "playchess.com"]
[Source "ChessBase"]
[SourceQuality "1"]
[TimeControl "5400+30"]

1. d4 e6 2. c4 Nf6 3. Nc3 Bb4 4. e3 d5 5. Bd3 O-O 6. Nf3 c5 7. O-O b6 8. a3 Bxc3 9. bxc3 dxc4 10. Bxc4 Bb7 11. Ne5 Nbd7 12. Nxd7 Qxd7 {[%emt 0:00:23] The position is equal.} 13. f3 Rac8 {[%emt 0:02:51] [#] And now ...cxd4 would win.} 14. Qb3 Bd5 15. Bxd5 exd5 16. a4 Rfe8 17. Bd2 Re6 {[%emt 0:01:58][%mdl 32768] Weighted Error Value: White=0.06 (flawless) /Black=0.03 (flawless) .  Inaccurate:     	White=1     	---        OK:         	White=4     	Black=4     . Loss on time!?} 1-0

[Event "8th Montevideo Open 2025"]
[Site "Montevideo"]
[Date "2025.02.01"]
[Round "1.7"]
[White "Villegas, Franco"]
[Black "Barandiaran, Gabriel"]
[Result "1-0"]
[Annotator "TA"]
[ECO "C83"]
[WhiteElo "2325"]
[BlackElo "1830"]
[PlyCount "81"]
[EventDate "2025.02.01"]
[EventType "swiss"]
[EventCountry "URU"]
[SourceTitle "playchess.com"]
[Source "ChessBase"]
[SourceQuality "1"]
[TimeControl "5400+30"]

1. e4 e5 2. Nf3 Nc6 3. Bb5 a6 4. Ba4 Nf6 5. O-O Nxe4 6. d4 b5 7. Bb3 d5 8. dxe5 Be6 9. c3 Be7 10. Nbd2 O-O 11. Re1 Nxd2 12. Bxd2 Na5 {C83: Open Ruy Lopez: 9 c3 Be7.} 13. Bc2 Nc4 14. Bc1 Bg4 $146 {White is slightly better.} (14... c5 15. a4 Bg4 16. b3 Na5 17. axb5 axb5 18. Qd3 g6 19. Qxb5 Qc7 20. Qe2 Qb7 {1-0 Enkhnamuun,B (1659)-Lkhaasuren,S (1629) Wch Amateurs U1700 (Women) 2024 (7)}) 15. Qd3 g6 16. Nd4 Qd7 {Prevents Nc6} 17. b3 c5 18. Nf3 (18. h3 $5 cxd4 19. hxg4 $16 (19. bxc4 dxc4 20. Qxd4 Qxd4 $17)) 18... Bf5 19. Qd1 {Bxf5 is the strong threat.} (19. Qe2 $5 Bxc2 20. Qxc2 $18) 19... Bxc2 20. Qxc2 Nb6 21. Bh6 Rfe8 {[#]} 22. e6 $1 fxe6 23. Ne5 Qc7 (23... Qd6 $1 $11 {keeps the balance.}) 24. Nxg6 $16 {White is more active.} Bf6 {Against Nxe7+} (24... Bd6 $1 $14) 25. Nf4 $2 (25. Re3 $16) 25... Qf7 $11 26. Rad1 e5 27. Ne2 Qg6 28. Qc1 Kh8 29. Ng3 Rg8 30. c4 bxc4 $17 31. bxc4 d4 32. Re4 Qf7 33. f4 (33. Re2 $1 $15) 33... Rae8 (33... Qxc4 34. fxe5 Qxc1 35. Rxc1 $16) (33... Nxc4 $17 34. fxe5 Bxe5) 34. Rf1 ({White should play} 34. fxe5 $15 Bxe5 35. Bg5) 34... Qxc4 35. Qb1 {[#]} Nd5 (35... Nd7 $1 $17 {Strongly threatening ...Qd5.} 36. Qb7 Qe6 37. fxe5 Be7 (37... Nxe5 38. Qc7 $15) (37... Bxe5 38. Bf4 $15)) 36. fxe5 $11 Nc3 $2 {[%mdl 8192] [#]} (36... Bxe5 37. Rxe5 Rxe5 38. Rf7 $16) (36... Rxe5 $2 37. Rxe5 (37. Rxf6 Nc3 $18) 37... Bxe5 38. Qe4 $18) (36... Be7 $1 $11 {and Black has nothing to worry.}) 37. exf6 $1 $18 {Rxe8 would kill now.} Nxb1 38. Rxe8 Rxe8 (38... Qxf1+ $2 39. Kxf1 $18) 39. f7 Rb8 ({Not} 39... Qxf1+ $2 40. Kxf1 $18) (39... Rg8 $18 40. f8=Q (40. f8=B $2 {loses.} Nc3 $19) 40... Rxf8 41. Rxf8+ Qg8) 40. Nh5 Rg8 41. f8=Q {Weighted Error Value: White=0.23 (precise) /Black=0.46  Loses game:     	---       	Black=1      Mistake:       	White=4     	Black=5      Inaccurate:     	White=5     	Black=2      OK:         	White=8     	Black=7      Best:        	White=4     	Black=6} (41. f8=B Qxf1+ (41... Qxa2 42. Bfg7+ Rxg7 43. Bxg7+ Kg8 44. Rf8#) 42. Kxf1 Rg6 $16 (42... Nd2+ $2 43. Kg1 $18)) 1-0

[Event "8th Montevideo Open 2025"]
[Site "Montevideo"]
[Date "2025.02.01"]
[Round "1.9"]
[White "De Dovitiis, Alejo"]
[Black "Delgado, Nazareno"]
[Result "1-0"]
[Annotator "RC"]
[ECO "A43"]
[WhiteElo "2225"]
[BlackElo "1819"]
[PlyCount "56"]
[EventDate "2025.02.01"]
[EventType "swiss"]
[EventCountry "URU"]
[SourceTitle "playchess.com"]
[Source "ChessBase"]
[SourceQuality "1"]
[TimeControl "5400+30"]

1. d4 Nf6 2. Nc3 c5 3. d5 d6 4. e4 g6 5. Nf3 Bg7 6. Bb5+ Bd7 7. a4 a6 8. Be2 O-O 9. O-O Ne8 10. Bf4 e5 11. dxe6 Bxe6 12. Nd5 Nc6 13. c3 Ne5 14. Qd2 Bxd5 15. exd5 Nc7 16. a5 Qd7 17. c4 Rab8 18. Nxe5 dxe5 19. Be3 Qd6 20. b4 cxb4 21. Rab1 Rfe8 22. Qxb4 Qxb4 23. Rxb4 Bf8 24. Rb3 b5 25. axb6 Rb7 26. Rfb1 Na8 27. c5 Reb8 28. c6 Re8 1-0

[Event "8th Montevideo Open 2025"]
[Site "Montevideo"]
[Date "2025.02.01"]
[Round "1.11"]
[White "Carbone, Diego"]
[Black "Porteiro, Rodrigo"]
[Result "1-0"]
[Annotator "TA"]
[ECO "D46"]
[WhiteElo "2216"]
[BlackElo "1815"]
[PlyCount "60"]
[EventDate "2025.02.01"]
[EventType "swiss"]
[EventCountry "URU"]
[SourceTitle "playchess.com"]
[Source "ChessBase"]
[SourceQuality "1"]
[TimeControl "5400+30"]

1. d4 d5 2. Nf3 Nf6 3. c4 c6 4. Nc3 e6 5. e3 Nbd7 6. Qc2 Bd6 7. Bd3 dxc4 8. Bxc4 b5 9. Be2 {D46: Semi-Slav: 5 e3 Nbd7 6 Bd3, Black avoids the Meran.} Bb7 (9... O-O $11) 10. e4 $14 {Black must now prevent e5.} e5 11. dxe5 {White is slightly better.} Nxe5 12. Nd4 b4 $146 (12... Bc5 $14 {should be considered.} 13. Nf5 g6) (12... O-O 13. Nf5 Bc5 14. O-O Qb6 15. Bg5 Nfd7 16. Rad1 Rae8 17. Nd6 Re6 18. Nxb7 Qxb7 {1-0 Sarana,A (2685)-Xiong,J (2686) Chess.com Rapid Wk5 Swiss 2022 (9)}) 13. Na4 $16 Rc8 (13... O-O $16) 14. Nf5 Bf8 (14... O-O $142) 15. Nc5 $18 Qb6 16. Be3 Qc7 17. Bf4 Ba8 (17... g6 {was necessary.} 18. Nxb7 gxf5) 18. O-O ({Less strong is} 18. Na6 Nf3+ 19. Bxf3 Qxf4 $16) 18... Nf3+ $2 (18... g6 19. Nd3 Nfd7) 19. Bxf3 Qxf4 {[#]} 20. e5 $1 Nd5 {[#]} 21. Ne4 $1 Kd8 (21... g6 22. Nfd6+) 22. Ned6 Rc7 23. Rac1 (23. Rfe1 $142) 23... Nb6 $2 (23... Qxe5 24. Rce1 Bxd6 25. Rxe5 Bxe5) 24. Rfd1 Rg8 25. Nxf7+ {Excellent horsemanship.} Ke8 26. Rd8+ Kxf7 27. Qb3+ Nd5 28. Bxd5+ Kg6 {Black is weak on the light squares} 29. Ne3 Qxe5 30. Qd3+ Kg5 {White took control after the opening.   Weighted Error Value: White=0.65/Black=1.30  Mistake:       	---       	Black=6      Inaccurate:     	White=1     	Black=1      OK:         	White=4     	Black=1      Best:        	White=4     	---} 1-0

[Event "8th Montevideo Open 2025"]
[Site "Montevideo"]
[Date "2025.02.01"]
[Round "1.12"]
[White "Lopez Betancourt, Bryan"]
[Black "Mussanti, Diego"]
[Result "0-1"]
[Annotator "TA"]
[ECO "D00"]
[WhiteElo "1897"]
[BlackElo "2173"]
[PlyCount "42"]
[EventDate "2025.02.01"]
[EventType "swiss"]
[EventCountry "URU"]
[SourceTitle "playchess.com"]
[Source "ChessBase"]
[SourceQuality "1"]
[TimeControl "5400+30"]

1. d4 d5 2. Nc3 Nf6 3. Bf4 e6 4. e3 Bd6 5. Qf3 O-O 6. g4 {D00: 1 d4 d5: Unusual lines.} c5 7. h4 $146 {[#]} (7. Bxd6 $11 {remains equal.} Qxd6 8. O-O-O) (7. dxc5 Bxc5 8. O-O-O Qa5 9. Kb1 e5 10. Bxe5 Bxg4 11. Qg3 Nbd7 12. Bxf6 Nxf6 13. Be2 {0-1 Moroni,L (2576)-Grigoriants,S (2572) Titled Tuesday intern op 28th Feb Early blitz 2023 (11)}) 7... cxd4 $1 $17 8. exd4 {[#] Black is better.} Nc6 $1 9. Be3 (9. Bxd6 $17 Qxd6 10. O-O-O) 9... e5 $19 10. g5 Ne4 11. Nxe4 $2 (11. Nge2 exd4 12. Bxd4) 11... dxe4 12. Qd1 exd4 13. Bd2 {[#]} (13. Bxd4 Bb4+ 14. c3 Nxd4 (14... Qxd4 $2 15. Qxd4 Nxd4 16. O-O-O $19) 15. Bg2) 13... e3 $1 14. Bc1 (14. a3 Qb6) 14... Qa5+ 15. c3 dxc3 16. b4 Bxb4 {( -> ...c2+)} 17. Qh5 c2+ {Black mates.} 18. Ke2 Nd4+ 19. Kxe3 Re8+ 20. Kd3 Bg4 21. Kc4 Qc5+ {White got outplayed after the opening.   Weighted Error Value: White=1.57/Black=0.04 (flawless)   Loses game:     	White=1     	---        Mistake:       	White=3     	---        Inaccurate:     	White=1     	---        OK:         	White=1     	Black=3      Strong:       	---       	Black=2} 0-1

[Event "8th Montevideo Open 2025"]
[Site "Montevideo"]
[Date "2025.02.01"]
[Round "1.13"]
[White "Dominguez, Facundo"]
[Black "Tacoronte, Daniel"]
[Result "1-0"]
[Annotator "TA"]
[ECO "B50"]
[WhiteElo "2159"]
[BlackElo "1813"]
[PlyCount "32"]
[EventDate "2025.02.01"]
[EventType "swiss"]
[EventCountry "URU"]
[SourceTitle "playchess.com"]
[Source "ChessBase"]
[SourceQuality "1"]
[TimeControl "5400+30"]

1. e4 c5 2. Nf3 d6 3. c3 Nf6 4. h3 Nc6 5. Bd3 e5 6. Bc2 Be7 7. O-O {[%emt 0:01:03] B50: Sicilian: 2...d6, Miscellaneous.} O-O 8. d4 Qc7 ({Black should try} 8... exd4 $11 9. cxd4 cxd4) 9. dxc5 (9. d5 $14) 9... dxc5 $11 10. Bg5 Rd8 $146 (10... Re8 11. Nbd2 a6 12. Qe2 Be6 13. Rfd1 h6 14. Bxf6 Bxf6 15. Bb3 b5 16. Bxe6 Rxe6 {1-0 Bibasa,B (2189)-Wanyama,H (2141) UGA olympic qual 3rd 2012 (3)}) 11. Qe2 Be6 12. Nbd2 a6 13. Bb3 Bxb3 14. axb3 h6 (14... Nh5 $11) 15. Bxf6 $14 Bxf6 16. Nc4 Rd7 {[%emt 0:00:00] Weighted Error Value: White=0.12 (very precise) /Black=0.29 (precise)   Mistake:       	White=1     	Black=2      Inaccurate:     	---       	Black=2      OK:         	White=3     	Black=2      Best:        	White=1     	---} 1-0